[Event "Titled Tuesday Blitz July 05 Early 2022"]
[White "Hansen, Sune Berg"]
[Black "Ibarra Jerez, Jose Carlos"]
[WhiteFideId "1400266"]
[BlackFideId "2226332"]
[WhiteElo "2653"]
[BlackElo "2628"]
[Result "0-1"]
[Round "03"]
[TimeControl "180+1"]
[Date "2022.07.05"]
[WhiteClock "0:00:29"]
[BlackClock "0:00:23"]

1. Nf3 Nf6 2. g3 g6 3. Bg2 Bg7 4. O-O O-O 5. d4 d6 6. Re1 Nbd7 7. e4 e5 8. a4 a5 9. Nc3 b6 10. Be3 Bb7 11. d5 Nc5 12. Nd2 h6 13. Nc4 Qd7 14. f3 Nh7 15. Qd2 h5 16. f4 exf4 17. Bxf4 Rae8 18. e5 dxe5 19. Nxe5 Qf5 20. Nc4 Qd7 21. Bh6 Nf6 22. Bxg7 Kxg7 23. Qd4 Ne6 24. Qf2 Nc5 25. Qd4 Ne6 26. Qf2 Ng5 27. Rf1 Ng4 28. Qd4+ f6 29. h4 Nf7 30. Bh3 Nfe5 31. Nxe5 Rxe5 32. Rae1 Rfe8 33. Rxe5 Rxe5 34. Qf4 Rf5 35. Qd4 Rxf1+ 36. Kxf1 Qf5+ 37. Kg1 Qxc2 38. Bxg4 hxg4 39. Qxg4 Qc1+ 40. Nd1 Bxd5 41. h5 Qg5 42. Qd7+ Kh6 0-1


[Site "https://www.chess.com"]

[Event "Titled Tuesday Blitz July 05 Early 2022"]
[White "Jones, Gawain C B"]
[Black "Krysa, Leandro"]
[WhiteFideId "409561"]
[BlackFideId "116807"]
[WhiteElo "2657"]
[BlackElo "2490"]
[Result "1-0"]
[Round "03"]
[TimeControl "180+1"]
[Date "2022.07.05"]
[WhiteClock "0:00:03"]
[BlackClock "0:00:01"]

1. Nf3 c5 2. e4 Nc6 3. c3 Nf6 4. e5 Nd5 5. Bc4 Nb6 6. Bb3 d5 7. exd6 Qxd6 8. Na3 Be6 9. d4 Bxb3 10. Qxb3 cxd4 11. Nb5 Qd8 12. Bf4 Rc8 13. Nbxd4 Qd5 14. O-O e6 15. Rfd1 Bc5 16. Nxc6 Qxc6 17. Ne5 Qa4 18. Nd3 Be7 19. Be3 Qa5 20. Bxb6 axb6 21. Re1 O-O 22. Re5 Bc5 23. Qc2 Rfd8 24. h4 Qa6 25. Nxc5 Rxc5 26. Rxc5 bxc5 27. a4 h6 28. Rd1 Rd5 29. b4 Qc4 30. Rxd5 exd5 31. bxc5 d4 32. Qe4 Qxc3 33. Qe8+ Kh7 34. Qe4+ Kg8 35. Qe8+ Kh7 36. Qxf7 d3 37. Qf5+ Kg8 38. Qc8+ Kh7 39. Qf5+ Kg8 40. Qe6+ Kh7 41. Qe4+ Kg8 42. Qe8+ Kh7 43. Qe3 Qc2 44. Qe4+ Kg8 45. Kh2 Qxc5 46. Qxd3 Qe5+ 47. g3 Qc5 48. Qf3 Qb4 49. Qf4 Qb3 50. Kg2 Qb2 51. Qf3 1-0


[Site "https://www.chess.com"]

[Event "Titled Tuesday Blitz July 05 Early 2022"]
[White "Jubin Jimmy"]
[Black "Vlassov, Nikolai"]
[WhiteFideId "46686614"]
[BlackFideId "4103360"]
[WhiteElo "2219"]
[BlackElo "2324"]
[Result "1-0"]
[Round "03"]
[TimeControl "180+1"]
[Date "2022.07.05"]
[WhiteClock "0:00:34"]
[BlackClock "0:00:14"]

1. d4 Nf6 2. c4 Nc6 3. Nf3 e6 4. Nc3 Bb4 5. Qc2 d6 6. Bd2 O-O 7. a3 Bxc3 8. Bxc3 Qe7 9. g3 e5 10. d5 Nb8 11. Bg2 c6 12. dxc6 Nxc6 13. O-O Be6 14. b3 a5 15. a4 Nd7 16. Rfd1 Nc5 17. Ne1 Rfd8 18. Nd3 f6 19. Nxc5 dxc5 20. Bxc6 bxc6 21. Qe4 Qc7 22. f4 Bf7 23. fxe5 Bg6 24. Qe3 Rxd1+ 25. Rxd1 Bc2 26. Rd2 Bxb3 27. e6 Bxc4 28. Rd7 Qb6 29. Rxg7+ Kf8 30. Rf7+ Ke8 31. Rxf6 Qb7 32. Qxc5 Qa7 33. Rf8# 1-0


[Site "https://www.chess.com"]

[Event "Titled Tuesday Blitz July 05 Early 2022"]
[White "Korchmar, Vasiliy"]
[Black "Perez Ponsa, Federico"]
[WhiteFideId "24131750"]
[BlackFideId "117927"]
[WhiteElo "2370"]
[BlackElo "2672"]
[Result "1-0"]
[Round "03"]
[TimeControl "180+1"]
[Date "2022.07.05"]
[WhiteClock "0:00:06"]
[BlackClock "0:00:43"]

1. e4 e5 2. Nf3 Nc6 3. Nc3 Nf6 4. h3 Bb4 5. Nd5 Bc5 6. c3 d6 7. d4 exd4 8. Bg5 dxc3 9. Bxf6 gxf6 10. bxc3 Ne5 11. Nxe5 fxe5 12. Qf3 Be6 13. Nf6+ Ke7 14. Bd3 c6 15. O-O Qf8 16. Rab1 b6 17. Ng4 Qg7 18. Ne3 Rhg8 19. Nf5+ Bxf5 20. exf5 d5 21. Rfe1 Qf6 22. c4 e4 23. cxd5 cxd5 24. Bxe4 dxe4 25. Qxe4+ Kd6 26. Qb7 Rae8 27. Red1+ Bd4 28. Rb4 Kc5 29. Rbxd4 Re1+ 30. Rxe1 Qxd4 31. Qxf7 Rd8 32. Qxh7 Qd2 33. Qe7+ Kb5 34. f6 Rd7 35. Qe3 Qd5 36. Qe5 Qxe5 37. Rxe5+ Kc4 38. Re7 Rd8 39. Rxa7 Rf8 40. f7 Rxf7 41. Rxf7 1-0


[Site "https://www.chess.com"]

[Event "Titled Tuesday Blitz July 05 Early 2022"]
[White "Ladopoulos, Dimitrios"]
[Black "Terry, Renato"]
[WhiteFideId "4239580"]
[BlackFideId "3803457"]
[WhiteElo "2195"]
[BlackElo "2577"]
[Result "0-1"]
[Round "03"]
[TimeControl "180+1"]
[Date "2022.07.05"]
[WhiteClock "0:00:08"]
[BlackClock "0:00:51"]

1. Nf3 Nf6 2. d4 d5 3. c4 c6 4. e3 a6 5. Nc3 b5 6. cxd5 cxd5 7. Bd3 Bb7 8. O-O e6 9. Ne5 Bd6 10. f4 Ne4 11. Bd2 O-O 12. Be1 f6 13. Nf3 Nd7 14. Rc1 Rc8 15. Bb1 Nb6 16. Nxe4 dxe4 17. Nd2 f5 18. Nb3 Nc4 19. Qe2 Bd5 20. Nc5 a5 21. a4 Qe8 22. b3 Na3 23. Bxa5 bxa4 24. bxa4 Bxc5 25. dxc5 Qxa4 26. Bb6 Nc4 27. Bc2 Qa3 28. Ra1 Qxe3+ 29. Qxe3 Nxe3 30. Rfc1 Ra8 31. Bd1 Nc4 32. Be2 Nxb6 33. cxb6 Rxa1 34. Rxa1 Rb8 35. Rb1 Kf7 36. Kf2 Kf6 37. Ke3 e5 38. Rb5 Ke6 39. g4 g6 40. gxf5+ gxf5 41. Bd1 Rc8 42. b7 Rb8 43. fxe5 Rxb7 44. Rxb7 Bxb7 45. Kf4 Bd5 46. Ba4 Bc4 47. h4 h6 48. Be8 e3 49. Kxe3 Kxe5 50. Kf2 Kf4 51. Kg2 Kg4 52. h5 f4 53. Kf2 Bd3 54. Kg2 Be4+ 55. Kf2 Kg5 56. Ke2 Bd5 57. Kf2 Bb7 58. Ke2 Bc8 59. Kf3 Bb7+ 60. Kf2 Kg4 61. Bf7 Be4 62. Bg6 Bd5 63. Be8 Kf5 64. Ke2 Ke5 65. Kf2 Be6 66. Bg6 Bg4 67. Be8 Kf6 68. Kg2 Kg5 69. Kf2 Bxh5 70. Bd7 Bg4 71. Be8 h5 72. Bc6 h4 73. Bg2 h3 74. Be4 Kf6 75. Bh1 Ke5 76. Bf3 Bxf3 77. Kxf3 Kd4 0-1


[Site "https://www.chess.com"]

[Event "Titled Tuesday Blitz July 05 Early 2022"]
[White "Livaic, Leon"]
[Black "Kozlov, Oleg"]
[WhiteFideId "14531534"]
[BlackFideId "4104544"]
[WhiteElo "2540"]
[BlackElo "2132"]
[Result "0-1"]
[Round "03"]
[TimeControl "180+1"]
[Date "2022.07.05"]
[WhiteClock "0:00:04"]
[BlackClock "0:00:16"]

1. b3 d5 2. Bb2 Nf6 3. e3 Bf5 4. Nf3 e6 5. Be2 h6 6. O-O Nbd7 7. c4 c6 8. cxd5 exd5 9. d3 Bd6 10. Nbd2 Qe7 11. Re1 O-O-O 12. e4 dxe4 13. dxe4 Nxe4 14. Nxe4 Bxe4 15. Qd4 Bc5 16. Qa4 f5 17. Nd4 Qg5 18. Bf1 Rhe8 19. Rac1 Kb8 20. Qc4 Bd5 21. Qc3 Bd6 22. Qh3 g6 23. Bc4 Bxc4 24. bxc4 Ne5 25. Qb3 Bc5 26. Rxe5 Bxd4 27. Rxe8 Rxe8 28. Rb1 Qd2 29. Bc3 Qxf2+ 30. Kh1 Bb6 31. h3 Re2 32. Be5+ Rxe5 33. c5 Re1+ 34. Rxe1 Qxe1+ 35. Kh2 Bc7+ 36. g3 Qf2+ 37. Kh1 Qf1+ 38. Kh2 Qe2+ 39. Kh1 Qe4+ 40. Kh2 Qd5 41. Qe3 a5 42. Qxh6 Qf3 43. Qh8+ Ka7 44. Qb2 Qxg3+ 45. Kh1 Qxh3+ 46. Kg1 Qg3+ 47. Kf1 Qf3+ 48. Ke1 Qe3+ 49. Kf1 Qxc5 50. a4 Qc4+ 51. Kg1 Bb6+ 52. Kh1 Qh4+ 53. Kg2 Qe4+ 54. Kh2 Qxa4 55. Qg2 Qh4+ 56. Qh3 Qxh3+ 57. Kxh3 a4 0-1


[Site "https://www.chess.com"]

[Event "Titled Tuesday Blitz July 05 Early 2022"]
[White "Maghsoodloo, Parham"]
[Black "Mitrabha, Guha"]
[WhiteFideId "12539929"]
[BlackFideId "5057000"]
[WhiteElo "2607"]
[BlackElo "2499"]
[Result "1/2-1/2"]
[Round "03"]
[TimeControl "180+1"]
[Date "2022.07.05"]
[WhiteClock "0:00:19"]
[BlackClock "0:01:19"]

1. d4 Nf6 2. c4 e6 3. Nf3 b6 4. a3 Bb7 5. Nc3 Ne4 6. Qc2 Nxc3 7. bxc3 d6 8. e4 Nd7 9. a4 a5 10. Bd3 g6 11. h4 h6 12. Rb1 Bg7 13. Nd2 e5 14. Nf3 O-O 15. O-O c5 16. d5 Bc8 17. h5 g5 18. Nh2 Nf6 19. Be2 Rb8 20. g4 Nd7 21. Bd2 Rb7 22. Rb3 Qc7 23. Rfb1 Bf6 24. Nf1 Bd8 25. Ne3 Nf6 26. f3 Qe7 27. Bd1 Bd7 28. R3b2 Bc7 29. Qd3 Rbb8 30. Rb5 Rfe8 31. R1b2 Kh8 32. Kg2 Rg8 33. Be2 Qd8 34. Kf2 Qe7 35. Ke1 Qd8 36. Kd1 Qe7 37. Kc2 Qd8 38. Kb3 Qe7 39. Ka3 Qd8 40. Qb1 Qe7 41. Nc2 Qd8 42. Ka2 Kh7 43. Na3 Kh8 44. Qc2 Kh7 45. Rb1 Qe8 46. Qd3 Kh8 47. Bd1 Kh7 48. R5b2 Qe7 49. Bb3 Qe8 50. Re1 Qe7 51. Kb1 Ne8 52. Nc2 Nf6 53. Ne3 Qe8 54. Bc2 Qc8 55. Rb5 Kh8 56. Bc1 Qd8 57. Qd1 Qe7 58. Bd2 Qd8 59. Qc1 Qe7 60. Ka2 Qd8 61. Ka3 Nh7 62. Rb1 Nf6 63. Re2 Nh7 64. Qb2 Nf6 65. Rf1 Nh7 66. Qb1 Qe7 67. Qc1 Qd8 68. Rg1 Qf6 69. Qe1 Qd8 70. Qf2 Qf6 71. Ree1 Qd8 72. Rb1 Qf6 73. Rb2 Qd8 74. Rgb1 Nf6 75. Qe2 Qe8 76. Bd1 1/2-1/2


[Site "https://www.chess.com"]

[Event "Titled Tuesday Blitz July 05 Early 2022"]
[White "Maximov, Dmitry"]
[Black "Lazavik, Denis"]
[WhiteFideId "14105659"]
[BlackFideId "13515110"]
[WhiteElo "2494"]
[BlackElo "2437"]
[Result "1-0"]
[Round "03"]
[TimeControl "180+1"]
[Date "2022.07.05"]
[WhiteClock "0:00:05"]
[BlackClock "0:00:03"]

1. e4 c5 2. Nf3 e6 3. c3 Nf6 4. Bd3 Nc6 5. Bc2 d5 6. e5 Nd7 7. d4 b5 8. O-O a5 9. Re1 Qb6 10. a3 Be7 11. Be3 cxd4 12. cxd4 Ba6 13. Nbd2 b4 14. a4 h6 15. Rc1 O-O 16. b3 Rfc8 17. Nf1 Bf8 18. Ng3 Ne7 19. h4 Rc3 20. Bb1 Rac8 21. Rxc3 Rxc3 22. Nh5 Ng6 23. Bxg6 fxg6 24. Nf4 Kh7 25. Qb1 Kg8 26. Qxg6 Rc6 27. Nh5 Kh8 28. Qe8 Qc7 29. Qf7 Qd8 30. Bg5 Qc8 31. Re3 Rc1+ 32. Kh2 Rc3 33. Be7 Rxe3 34. fxe3 Bd3 35. Bxf8 Qxf8 36. Qxd7 Be4 37. Nf4 Kh7 38. Nxe6 Qg8 39. Kg3 Bf5 40. Neg5+ Kg6 41. Qd6+ Kh5 42. Nh3 g5 43. hxg5 hxg5 44. Nhxg5 Bg6 45. Kf2 Qc8 46. Qf6 Qc2+ 47. Kg3 Qe2 48. Qh8+ 1-0


[Site "https://www.chess.com"]

[Event "Titled Tuesday Blitz July 05 Early 2022"]
[White "Moiseenko, Alexander"]
[Black "Suleymanli, Suleyman"]
[WhiteFideId "14102560"]
[BlackFideId "13416375"]
[WhiteElo "2577"]
[BlackElo "1652"]
[Result "1-0"]
[Round "03"]
[TimeControl "180+1"]
[Date "2022.07.05"]
[WhiteClock "0:01:33"]
[BlackClock "0:00:17"]

1. d4 d5 2. c4 dxc4 3. e3 Nf6 4. Bxc4 e6 5. Nf3 c5 6. Qe2 a6 7. dxc5 Bxc5 8. e4 b5 9. Bd3 Qb6 10. O-O Bb7 11. Nc3 Nc6 12. e5 Nd7 13. Bf4 O-O-O 14. a4 b4 15. a5 Qc7 16. Na4 Qxa5 17. Nxc5 Qxc5 18. Rfc1 Qd5 19. Be4 Qb5 20. Qxb5 axb5 21. Bxc6 Kb8 22. Be3 Bxc6 23. Rxc6 Kb7 24. Rd6 Nb8 25. Rb6+ Kc8 26. g3 Rd7 27. Rxb5 Re8 28. Rxb4 Rd5 29. Rc1+ Kd7 30. Rb7+ Kd8 31. Bb6# 1-0


[Site "https://www.chess.com"]

[Event "Titled Tuesday Blitz July 05 Early 2022"]
[White "Molina, Roberto Junio Brito"]
[Black "Rohde, Michael"]
[WhiteFideId "2109450"]
[BlackFideId "2000172"]
[WhiteElo "2432"]
[BlackElo "2272"]
[Result "1-0"]
[Round "03"]
[TimeControl "180+1"]
[Date "2022.07.05"]
[WhiteClock "0:00:39"]
[BlackClock "0:00:01"]

1. d4 Nf6 2. Nf3 d6 3. e3 g6 4. b3 Bg7 5. Bb2 O-O 6. c4 Bf5 7. Be2 c6 8. O-O a6 9. Nc3 b5 10. Bd3 Bxd3 11. Qxd3 Nbd7 12. Rac1 bxc4 13. Qxc4 c5 14. Rfd1 Qa5 15. Qa4 Qxa4 16. Nxa4 Ne4 17. dxc5 Bxb2 18. Nxb2 Ndxc5 19. Nd4 Rfc8 20. f3 Nf6 21. Kf2 Kf8 22. e4 Rab8 23. Ke3 a5 24. Nd3 Nfd7 25. Rc3 Nxd3 26. Rxc8+ Rxc8 27. Kxd3 a4 28. Rb1 axb3 29. axb3 Ke8 30. Kd2 Nb6 31. Ra1 Kd7 32. Nb5 Ra8 33. Rxa8 Nxa8 34. Kc3 Kc6 35. Kb4 Kb6 36. f4 Ka6 37. Nc3 Nb6 38. Nd5 Nc8 39. Kc4 e6 40. Nf6 h5 41. g3 Kb6 42. h3 Kc6 43. g4 Nb6+ 44. Kd4 hxg4 45. Nxg4 Kb5 46. e5 d5 47. Nh6 Kb4 48. Nxf7 1-0


[Site "https://www.chess.com"]

[Event "Titled Tuesday Blitz July 05 Early 2022"]
[White "Nakamura, Hikaru"]
[Black "Cruz, Cristhian"]
[WhiteFideId "2016192"]
[BlackFideId "3801969"]
[WhiteElo "2850"]
[BlackElo "2497"]
[Result "1-0"]
[Round "03"]
[TimeControl "180+1"]
[Date "2022.07.05"]
[WhiteClock "0:00:41"]
[BlackClock "0:00:02"]

1. Nf3 d5 2. b3 e6 3. Bb2 Nf6 4. e3 g6 5. c4 Bg7 6. d4 O-O 7. Nbd2 b6 8. Rc1 Ba6 9. c5 Bxf1 10. Kxf1 bxc5 11. Rxc5 Nfd7 12. Rc2 c5 13. Qa1 Na6 14. a3 Rc8 15. Ke2 Qb6 16. Rhc1 Qb7 17. Kf1 cxd4 18. exd4 Rxc2 19. Rxc2 Rc8 20. Qc1 Rxc2 21. Qxc2 Nc7 22. Ne1 Nb5 23. Qd3 Qb6 24. Ndf3 Nb8 25. Nc2 Nc6 26. b4 Nd6 27. Bc3 Nc4 28. a4 a6 29. Nd2 Nxd2+ 30. Qxd2 Bf8 31. g3 h5 32. Kg2 Bd6 33. h4 Ne7 34. Ne1 Qc6 35. Qc2 e5 36. Bd2 Qxc2 37. Nxc2 e4 38. b5 axb5 39. axb5 Kf8 40. Ba5 Ke8 41. Bb6 Kd7 42. Bc5 Nf5 43. Kf1 Bb8 44. Nb4 Nd6 45. Na6 Bc7 46. b6 Bd8 47. Bxd6 Kxd6 48. b7 Bc7 49. Ke2 Kc6 50. b8=Q Bxb8 51. Nxb8+ Kb7 52. Nd7 1-0


[Site "https://www.chess.com"]

[Event "Titled Tuesday Blitz July 05 Early 2022"]
[White "Niemann, Hans Moke"]
[Black "Atakishiyev, Elmar"]
[WhiteFideId "2093596"]
[BlackFideId "13410547"]
[WhiteElo "2632"]
[BlackElo "2087"]
[Result "1-0"]
[Round "03"]
[TimeControl "180+1"]
[Date "2022.07.05"]
[WhiteClock "0:00:51"]
[BlackClock "0:00:01"]

1. d4 Nf6 2. Nc3 e6 3. Bf4 b6 4. e4 Bb4 5. e5 Nd5 6. Bd2 Bb7 7. Qg4 Kf8 8. Nf3 Nxc3 9. bxc3 Be7 10. Bd3 d5 11. h4 c5 12. Ng5 Bxg5 13. hxg5 g6 14. Qf4 Kg8 15. f3 Ba6 16. Kf2 Bxd3 17. cxd3 Nc6 18. Rh6 Ne7 19. g4 Qf8 20. dxc5 bxc5 21. Rb1 Nc6 22. Rhh1 Rb8 23. Ke2 Qd8 24. Qa4 Qc7 25. Rxb8+ Nxb8 26. d4 Kg7 27. Rb1 Nc6 28. dxc5 Qxe5+ 29. Kd1 Rc8 30. Qf4 Qxf4 31. Bxf4 e5 32. Bg3 f6 33. Rb7+ Kg8 34. gxf6 d4 35. cxd4 Rd8 36. Rc7 Nxd4 37. Ke1 Nxf3+ 38. Kf2 Nd4 39. Bxe5 Ne6 40. f7+ Kf8 41. Bd6+ Rxd6 42. cxd6 1-0


[Site "https://www.chess.com"]

[Event "Titled Tuesday Blitz July 05 Early 2022"]
[White "Paichadze, Luka"]
[Black "Tokman, Ariel"]
[WhiteFideId "13602934"]
[BlackFideId "117420"]
[WhiteElo "2537"]
[BlackElo "2268"]
[Result "0-1"]
[Round "03"]
[TimeControl "180+1"]
[Date "2022.07.05"]
[WhiteClock "0:00:30"]
[BlackClock "0:02:22"]

1. e4 e5 2. Nf3 Nc6 3. d4 exd4 4. Nxd4 Nf6 5. Nxc6 bxc6 6. Nc3 d6 7. Bd3 Be7 8. O-O O-O 9. h3 Nd7 10. Be3 Bf6 11. Rb1 a5 12. f4 Re8 13. Ne2 Ba6 14. Ng3 Bxd3 0-1


[Site "https://www.chess.com"]

[Event "Titled Tuesday Blitz July 05 Early 2022"]
[White "Pap, Gyula"]
[Black "Koziorowicz, Michal"]
[WhiteFideId "725323"]
[BlackFideId "21809194"]
[WhiteElo "2553"]
[BlackElo "2202"]
[Result "0-1"]
[Round "03"]
[TimeControl "180+1"]
[Date "2022.07.05"]
[WhiteClock "0:00:02"]
[BlackClock "0:01:00"]

1. d4 Nf6 2. c4 g6 3. Nc3 Bg7 4. e4 d6 5. Be2 O-O 6. Bg5 Nc6 7. d5 Ne5 8. Nf3 Nxf3+ 9. Bxf3 h6 10. Be3 e5 11. Qd2 Kh7 12. c5 Nd7 13. cxd6 cxd6 14. Nb5 Nb6 15. Rc1 f5 16. Nc7 Rb8 17. Bxb6 axb6 18. Ne6 Bxe6 19. dxe6 Re8 20. h4 f4 21. h5 Rxe6 22. Bg4 Re7 23. hxg6+ Kh8 24. Rh3 Rc7 25. Rhc3 Rc5 26. b4 Rxc3 27. Qxc3 d5 28. Bf5 dxe4 29. Bxe4 Qd4 30. Qxd4 exd4 31. Rc7 Re8 32. f3 Bf8 33. a3 Re7 34. Rc8 Kg7 35. Kd2 Rd7 36. Kd3 Bd6 37. Kxd4 Bxb4+ 38. Bd5 Bxa3 39. Rg8+ Kf6 40. Ke4 Re7+ 41. Kd4 Bc5+ 42. Kc4 Rg7 43. Rxg7 Kxg7 44. Be4 Kf6 45. Kb5 Bf2 46. Kc4 h5 47. Kb5 Bd4 48. Kc4 Be5 49. Kb5 Kg5 50. Kxb6 Kh4 51. Kxb7 Kg3 52. g7 Bxg7 0-1


[Site "https://www.chess.com"]

[Event "Titled Tuesday Blitz July 05 Early 2022"]
[White "Rendle, Thomas E"]
[Black "Melkumyan, Hrant"]
[WhiteFideId "408760"]
[BlackFideId "13302485"]
[WhiteElo "2428"]
[BlackElo "2604"]
[Result "0-1"]
[Round "03"]
[TimeControl "180+1"]
[Date "2022.07.05"]
[WhiteClock "0:00:09"]
[BlackClock "0:01:25"]

1. Nf3 d5 2. e3 c5 3. b3 Nc6 4. Bb2 a6 5. d4 cxd4 6. exd4 Bg4 7. Nbd2 e6 8. a3 Nge7 9. h3 Bh5 10. Bd3 Bg6 11. Nf1 Nf5 12. Ne3 Nxe3 13. fxe3 Bd6 14. O-O O-O 15. Qe2 b5 16. e4 dxe4 17. Bxe4 Rc8 18. Rad1 Ne7 19. Ne5 Bxe5 20. dxe5 Qc7 21. Rf2 Rfd8 22. Rdf1 Rf8 23. h4 Bxe4 24. Qxe4 Nf5 25. Qf4 Qb6 26. Kh2 Ne3 27. Re1 Ng4+ 28. Qxg4 Qxf2 29. Re2 Qf5 30. Qxf5 exf5 31. Bd4 Rfe8 32. c3 f6 33. e6 Rc6 34. Rf2 g6 35. Bxf6 Rexe6 36. Bd4 Re4 37. g3 Kf7 38. Kh3 Ke6 39. Ra2 a5 40. b4 a4 41. Rf2 Rc4 42. Rd2 h6 43. Kg2 g5 44. hxg5 hxg5 45. Kf3 Rexd4 46. cxd4 Rc3+ 47. Kf2 Rxa3 48. Re2+ Kd5 49. Re5+ Kc4 50. Rxf5 Rd3 51. Rxg5 a3 52. Rg8 Kxb4 53. Ra8 Rxd4 54. Ke3 Rc4 55. Kf3 Kb3 56. g4 a2 57. g5 Ra4 0-1


[Site "https://www.chess.com"]

[Event "Titled Tuesday Blitz July 05 Early 2022"]
[White "Rosen, Eric"]
[Black "Martinez Alcantara, Jose Eduardo"]
[WhiteFideId "2032562"]
[BlackFideId "3805662"]
[WhiteElo "2362"]
[BlackElo "2703"]
[Result "1-0"]
[Round "03"]
[TimeControl "180+1"]
[Date "2022.07.05"]
[WhiteClock "0:00:23"]
[BlackClock "0:01:51"]

1. d4 Nf6 2. Bf4 e6 3. e3 b6 4. Qf3 Bb7 5. Qxb7 Nc6 6. Bxc7 Qc8 7. Ba6 Nb4 8. Qxc8+ Rxc8 9. Bxc8 Nxc2+ 10. Kd2 Nxa1 11. Bb7 Bb4+ 12. Nc3 d6 13. Bc6+ Ke7 14. Ne2 Rc8 15. Bf3 Nb3+ 16. axb3 Rxc7 17. Ra1 a5 18. g3 g5 19. h3 d5 20. Nc1 h5 21. Nd3 g4 22. hxg4 hxg4 23. Bg2 Kf8 24. Nxb4 axb4 25. Ne2 Kg7 26. Ra4 Rc8 27. Rxb4 Rh8 28. Nf4 Rb8 29. Nd3 Ne8 30. Ra4 Rb7 31. Ne5 Nd6 32. Nxg4 f6 33. Nh2 Kg6 34. Nf3 Ne4+ 35. Ke2 Nd6 36. Ne1 Rc7 37. Kd2 Rh7 38. Ra6 Rb7 39. Nd3 Kf7 40. Ra8 Nf5 41. Bh3 Nd6 42. Rh8 Kg7 43. Rd8 Ne4+ 44. Ke2 Rc7 45. Bxe6 Rc2+ 46. Kf1 Nd2+ 47. Kg2 Nxb3 48. Bxd5 Nd2 49. Rb8 f5 50. Rxb6 Nb1 51. Nf4 Kf8 52. Rf6+ Ke7 53. Rxf5 Kd6 54. Rf6+ Ke7 55. Re6+ Kd7 56. Be4 Rxb2 57. Bxb1 Rxb1 58. Re5 Rb6 59. Kf3 Rh6 60. g4 Rh1 61. Ke4 Rd1 62. f3 Rc1 63. Kf5 Rb1 64. g5 Ra1 65. g6 Ra3 66. g7 Ra4 67. g8=Q 1-0


[Site "https://www.chess.com"]

[Event "Titled Tuesday Blitz July 05 Early 2022"]
[White "Samunenkov, Ihor"]
[Black "Sargsyan, Anna M."]
[WhiteFideId "14187086"]
[BlackFideId "13308130"]
[WhiteElo "2409"]
[BlackElo "2271"]
[Result "1-0"]
[Round "03"]
[TimeControl "180+1"]
[Date "2022.07.05"]
[WhiteClock "0:00:05"]
[BlackClock "0:00:02"]

1. d4 d5 2. c4 c6 3. Nf3 Nf6 4. g3 Bf5 5. Nc3 e6 6. Nh4 Bg4 7. f3 Bh5 8. Qb3 Na6 9. Bd2 dxc4 10. Qxc4 Be7 11. e4 Nxe4 12. Nxe4 Bxh4 13. gxh4 Bxf3 14. Bg5 Qa5+ 15. Bd2 Qd8 16. Bg5 Qc7 17. Ng3 Bxh1 18. Nxh1 Qxh2 19. Nf2 h6 20. Be3 Qxh4 21. O-O-O O-O-O 22. Nd3 Qe4 23. Re1 Qd5 24. Qa4 Qb5 25. Qa3 Qf5 26. Ne5 Nb8 27. Qxa7 f6 28. Nc4 e5 29. Nb6+ Kc7 30. Qa5 Kd6 31. dxe5+ Qxe5 32. Nc4+ 1-0


[Site "https://www.chess.com"]

[Event "Titled Tuesday Blitz July 05 Early 2022"]
[White "Severino, Sander"]
[Black "Kovalev, Vladislav"]
[WhiteFideId "5204100"]
[BlackFideId "13504398"]
[WhiteElo "2408"]
[BlackElo "2530"]
[Result "0-1"]
[Round "03"]
[TimeControl "180+1"]
[Date "2022.07.05"]
[WhiteClock "0:00:05"]
[BlackClock "0:00:15"]

1. d4 Nf6 2. c4 e6 3. Nf3 Bb4+ 4. Bd2 Qe7 5. Nc3 b6 6. e3 Bb7 7. Bd3 Bxc3 8. Bxc3 Ne4 9. Qc2 f5 10. O-O-O O-O 11. Rhg1 d6 12. b3 Nxc3 13. Qxc3 Nd7 14. Nd2 a5 15. f3 c5 16. Bc2 Rad8 17. Kb1 Qh4 18. h3 Qg3 19. Kb2 Nf6 20. Nb1 Bc6 21. Qe1 Qg5 22. Nc3 Rfe8 23. f4 Qh5 24. Qf2 g6 25. Rd2 Qh6 26. Rgd1 Rd7 27. dxc5 dxc5 28. Rd6 Rxd6 29. Rxd6 Rc8 30. Rxe6 Qf8 31. Qd2 Rd8 32. Qe2 Rd6 33. Rxd6 Qxd6 34. g4 fxg4 35. hxg4 a4 36. g5 Nh5 37. Qd3 Qe7 38. bxa4 Ng3 39. Nd5 Bxd5 40. Qxd5+ Kg7 41. e4 Ne2 42. f5 Qxg5 43. Qb7+ Kh6 44. Qxb6 Qe3 45. fxg6 Qc3+ 46. Kb1 Qe1+ 47. Kb2 Qc1+ 48. Kb3 Nd4+ 0-1


[Site "https://www.chess.com"]

[Event "Titled Tuesday Blitz July 05 Early 2022"]
[White "Shimanov, Aleksandr"]
[Black "Yurovskykh, Oleksandr"]
[WhiteFideId "4198603"]
[BlackFideId "14134020"]
[WhiteElo "2605"]
[BlackElo "2292"]
[Result "1-0"]
[Round "03"]
[TimeControl "180+1"]
[Date "2022.07.05"]
[WhiteClock "0:00:06"]
[BlackClock "0:00:10"]

1. e4 d5 2. Nc3 d4 3. Nce2 e5 4. Ng3 Be6 5. b3 Nc6 6. Bb5 Ne7 7. Nf3 f6 8. O-O a6 9. Bc4 Bxc4 10. bxc4 d3 11. Rb1 b6 12. Rb3 dxc2 13. Qxc2 g6 14. Rd1 Bg7 15. Bb2 O-O 16. d4 exd4 17. Nxd4 Nxd4 18. Bxd4 Qc8 19. a4 Nc6 20. Bb2 Qe6 21. Rd5 Ne7 22. Rd2 Rfd8 23. Rbd3 Rxd3 24. Qxd3 Nc6 25. Qd5 Qxd5 26. cxd5 Ne5 27. Rc2 Ra7 28. Bxe5 fxe5 29. Ne2 Bf8 30. Nc1 Bd6 31. Kf1 b5 32. a5 Kf7 33. Rc6 Ke7 34. Nb3 Kd7 35. Ke2 Ra8 36. f3 g5 37. h3 h5 38. Nc1 Bb4 39. Nd3 Bd6 40. Kd2 Ra7 41. Kc2 Ra8 42. Kb3 Ra7 43. Nb4 Bxb4 44. Kxb4 g4 45. h4 gxf3 46. gxf3 Ra8 47. Rf6 Rg8 48. Rxa6 Rg1 49. Kxb5 Rb1+ 50. Kc4 Rc1+ 51. Kd3 Rh1 52. Re6 Rxh4 53. Rxe5 Rh1 54. Ke3 h4 55. Rh5 h3 56. Kf4 Kc8 57. a6 Kb8 58. Rh7 h2 59. e5 Ka7 60. Rxc7+ Kxa6 61. Rh7 Kb6 62. d6 Kc6 63. d7 Kc7 64. e6 Re1 65. Rxh2 Rxe6 66. Rd2 Kd8 67. Kg5 Re1 68. f4 Rg1+ 69. Kf6 Rf1 70. f5 Rg1 71. Kf7 Rf1 72. f6 Rg1 73. Kf8 Rf1 74. f7 Rg1 75. Rd5 Rg2 76. Ra5 Rf2 77. Ra8+ Kxd7 78. Ra7+ Ke6 79. Ra6+ Kd7 80. Ra4 Rg2 81. Rd4+ Kc7 82. Ke7 Re2+ 83. Kf6 Rf2+ 84. Kg6 Rg2+ 85. Kf5 Rf2+ 86. Rf4 Rxf4+ 87. Kxf4 1-0


[Site "https://www.chess.com"]

[Event "Titled Tuesday Blitz July 05 Early 2022"]
[White "Sochacki, Christophe"]
[Black "Tari, Aryan"]
[WhiteFideId "662569"]
[BlackFideId "1510045"]
[WhiteElo "2516"]
[BlackElo "2612"]
[Result "0-1"]
[Round "03"]
[TimeControl "180+1"]
[Date "2022.07.05"]
[WhiteClock "0:00:13"]
[BlackClock "0:00:54"]

1. e4 c6 2. d4 d5 3. exd5 cxd5 4. Bd3 Nf6 5. c3 Bg4 6. Qb3 Qd7 7. h3 Bh5 8. Bf4 Nc6 9. Nd2 e6 10. Ngf3 Bd6 11. Ne5 Bxe5 12. Bxe5 Bg6 13. Be2 O-O 14. Bxf6 gxf6 15. h4 e5 16. h5 Bf5 17. g4 Be6 18. O-O-O exd4 19. f4 dxc3 20. Qxc3 d4 21. Qa3 Bd5 22. Rhg1 a5 23. Kb1 Nb4 24. Bc4 Rfc8 25. Qb3 Rxc4 26. Nxc4 Be4+ 27. Kc1 Bc2 28. Nb6 Qc6 29. Qc4 Qxb6 30. Rxd4 Nc6 31. g5 Qxd4 0-1


[Site "https://www.chess.com"]